 Dungeon Crawl Stone Soup version 0.26-a0-971-g1d9d62bb61 (webtiles) character file.

Game seed: 5939458104676080564

11046 lunkers the Geomancer (level 11, -3/95 HPs)
             Began as a Demigod Earth Elementalist on Dec 4, 2020.
             Killed from afar by a rakshasa (illusionary) (21 damage)
             ... with a lance of force
             ... on level 11 of the Dungeon.
             The game lasted 00:16:38 (12840 turns).

lunkers the Geomancer (Demigod Earth Elementalist) Turns: 12840, Time: 00:16:39

Health: -3/95      AC: 12    Str: 11    XL:     11   Next: 21%
Magic:  16/36      EV: 12    Int: 25    God:
Gold:   701        SH:  5    Dex: 16    Spells: 15/26 levels left

rFire    . . .     SeeInvis .   P - staff of air
rCold    . . .     Faith    .   (no shield)
rNeg     . . .     Spirit   .   B - +3 leather armour {rPois}
rPois    +         Reflect  +   J - +0 helmet
rElec    +         Harm     .   g - +0 cloak
rCorr    .         Rampage  .   (no gloves)
MR       +....                  (no boots)
Stlth    ++........             q - amulet of reflection
HPRegen  0.25/turn              w - +4 ring of protection
MPRegen  0.25/turn              l - ring of magical power

@: no status effects
A: high mp 1
a: no special abilities


You were on level 11 of the Dungeon.
You visited 1 branch of the dungeon, and saw 11 of its levels.

You collected 701 gold pieces.

Inventory:

Hand Weapons
 a - a +6 flail of protection
Missiles
 b - 169 stones (quivered)
Armour
 g - a +0 cloak (worn)
 B - a +3 leather armour of poison resistance (worn)
 D - a +2 leather armour of fire resistance
 J - a +0 helmet (worn)
Magical Staves
 P - an uncursed staff of air (weapon)
Jewellery
 l - a ring of magical power (right hand)
 q - an amulet of reflection (around neck)
 w - a +4 ring of protection (left hand)
 A - an uncursed ring of resist corrosion
 N - an uncursed ring of protection from cold {unknown}
 O - the ring of the Thieving Priest {Fire Int+6}
   (You found it on level 10 of the Dungeon)

   [ring of fire]

   It enhances your fire magic.
   It affects your intelligence (+6).
   It protects you from fire.
   It makes you vulnerable to cold.
Wands
 c - a wand of polymorph (11)
 m - a wand of disintegration (2)
 u - a wand of flame (45)
 z - a wand of paralysis (5)
 C - a wand of random effects (35)
 H - a wand of iceblast (9)
Scrolls
 e - 11 scrolls of identify
 f - 5 scrolls of remove curse
 h - a scroll of fear {unknown}
 n - 4 scrolls of blinking {unknown}
 o - 4 scrolls of teleportation
 s - 4 scrolls of fog {unknown}
 t - a scroll of vulnerability {unknown}
 v - 3 scrolls of amnesia {unknown}
 y - 3 scrolls of enchant armour {unknown}
 E - a scroll of magic mapping {unknown}
 G - 2 scrolls of silence {unknown}
 I - a scroll of enchant weapon {unknown}
 M - a scroll of summoning {unknown}
Potions
 d - 3 potions of lignification
 i - 4 potions of haste
 j - 4 potions of curing
 k - 6 potions of heal wounds
 p - a potion of might
 r - 3 potions of invisibility
 x - 2 potions of magic
 F - 3 potions of cancellation
 K - 2 potions of brilliance {unknown}
 L - a potion of flight {unknown}
Miscellaneous
 Q - a phial of floods


   Skills:
 + Level 8.3 Fighting
 - Level 1.7 Dodging
 - Level 1.7 Stealth
 - Level 8.0 Spellcasting
 - Level 0.8 Transmutations
 - Level 12.0 Earth Magic


You had 15 spell levels left.
You knew the following spells:

 Your Spells              Type           Power        Failure   Level
a - Stone Arrow           Conj/Erth      #####.       1%          3
b - Passwall              Tmut/Erth      #####...     1%          2
c - Sandblast             Erth           ######       1%          1
d - Lee's Rapid Deconstr  Erth           ######....   1%          5

Your spell library contained the following spells:

 Spells                   Type           Power        Failure   Level
 Petrify                  Tmut/Erth      #####...     5%          4
 Foxfire                  Conj/Fire      ##..         8%          1
 Confusing Touch          Hex            ##......     24%         3
 Conjure Flame            Conj/Fire      ##......     24%         3
 Gell's Gravitas          Tloc           ##........   24%         3
 Inner Flame              Hex/Fire       ##......     24%         3
 Sticky Flame             Conj/Fire      ##......     61%         4
 Yara's Violent Unravell  Hex/Tmut       ##........   88%         5
 Fireball                 Conj/Fire      ##........   91%         5
 Metabolic Englaciation   Hex/Ice        ##........   91%         5


Dungeon Overview and Level Annotations

Branches:
Dungeon (11/15)            Temple (0/1) D:7            Lair (0/6) D:8
    Orc (0/2) D:9

Shops:
D:5 (   D:6 *

Annotations:
D:3 2 transporters, Sun's ghost, weakling DgFE


Innate Abilities, Weirdness & Mutations

You have an increased reservoir of magic. (+10% MP)


Message History

You slam into the metal wall!
* * * LOW HITPOINT WARNING * * *
Casting: Stone Arrow (safe; 1% risk of failure)
Confirm with . or Enter, or press ? or * to list all spells.
Aiming: Stone Arrow (safe; 1% risk of failure)
Press: ? - help, Shift-Dir - straight line, f/p - rakshasa
Aim: a rakshasa, wielding a +2 trident of protection and wearing a cursed +0 robe (severely wounded, 36% to evade)
The stone arrow hits the rakshasa!
The rakshasa is almost dead.
Unknown command.
Unknown command.
Casting: Stone Arrow (safe; 1% risk of failure)
Confirm with . or Enter, or press ? or * to list all spells.
Aiming: Stone Arrow (safe; 1% risk of failure)
Press: ? - help, Shift-Dir - straight line, f/p - rakshasa
Aim: a rakshasa, wielding a +2 trident of protection and wearing a cursed +0 robe (almost dead, 36% to evade)
The stone arrow misses the rakshasa.
The rakshasa gestures at you. The lance of force hits you!!
You die...

........# #.#
........#####..
..............## ##
####.#.....#..#. .#
...........#.##. #.##
.............#.. #...#
............##..#.#..##
......####..#..#.#.#..#
####..##...##.R.@.....#
.# ##.#..#########.RR##
.###...###..#..##.##.)#
.#...###.#.#...#...# .#
...###.##.#..##..#..# #
.###.##.##.#.#..###..#
#'..#..#.)#.#..## #..#
.####.#.##..##(.# .#..
...###..# #####..# #..#


You could see 3 rakshasas.

Vanquished Creatures
  Harold (D:10)
  Sonja (D:10)
  An unseen horror (D:11)
  Pikel (D:5)
  An ugly thing (D:11)
  A rust devil (D:10)
  A komodo dragon (D:8)
  A red devil (D:10)
  2 trolls (D:10)
  Prince Ribbit (D:5)
  Sigmund (D:3)
  A vampire (D:10)
  2 wyverns (D:8)
  5 yaks
  A wraith (D:11)
  Eustachio (D:4)
  Edmund (D:5)
  Menkaure (D:4)
  A water moccasin (D:10)
  3 orc warriors
  An ice beast (D:5)
  3 black bears
  5 ogres
  A necrophage (D:10)
  A phantom (D:9)
  4 centaurs
  A bullfrog (D:10)
  3 scorpions
  A water moccasin skeleton (D:5)
  5 killer bees (D:7)
  4 howler monkeys
  13 wights
  A quasit (D:8)
  A bullfrog zombie (D:11)
  A jelly (D:6)
  8 orc priests
  A bullfrog skeleton (D:5)
  5 centaur skeletons
  A hound (D:5)
  8 iron imps (D:10)
  Ijyb (D:3)
  Natasha (thrice) (D:3)
  5 orc wizards
  12 worker ants
  A hound zombie (D:7)
  11 adders
  A gnoll (D:1)
  A howler monkey skeleton (D:4)
  A shadow imp (D:6)
  A white imp (D:7)
  3 ufetubi
  2 adder skeletons (D:4)
  A leopard gecko (D:5)
  37 orcs
  6 giant cockroaches
  9 goblins
  4 hobgoblins
  10 jackals
  3 quokkas
  2 ball pythons
  2 bats
  3 frilled lizards
  A jackal skeleton (D:4)
  6 kobolds
  2 quokka skeletons
  6 rats
230 creatures vanquished.

Vanquished Creatures (others)
  6 plants (D:8)
6 creatures vanquished.

Grand Total: 236 creatures vanquished

Notes
Turn   | Place    | Note
-------+----------+-------------------------------------------
     0 | D:1      | lunkers the Demigod Earth Elementalist began the quest for
                  | the Orb.
     0 | D:1      | Reached XP level 1. HP: 14/14 MP: 5/5
   380 | D:1      | Reached skill level 3 in Earth Magic
   380 | D:1      | Reached XP level 2. HP: 20/20 MP: 4/7
  1281 | D:2      | Reached XP level 3. HP: 26/26 MP: 6/9
  1600 | D:2      | Found a snail-covered altar of Cheibriados.
  1816 | D:3      | Reached skill level 4 in Earth Magic
  1918 | D:3      | Noticed Natasha
  1923 | D:3      | Killed Natasha
  1924 | D:3      | Reached XP level 4. HP: 33/33 MP: 6/10
  1939 | D:3      | Learned a level 2 spell: Passwall
  1943 | D:3      | Learned a level 3 spell: Stone Arrow
  2002 | D:3      | Noticed Natasha
  2009 | D:3      | Killed Natasha
  2065 | D:3      | Noticed Sigmund
  2070 | D:3      | Killed Sigmund
  2071 | D:3      | Reached skill level 5 in Earth Magic
  2071 | D:3      | Reached XP level 5. HP: 18/38 MP: 7/13
  2405 | D:3      | Found a transporter.
  2440 | D:3      | Noticed Sun's ghost (weakling DgFE)
  2441 | D:3      | Identified the +2 dire flail of a Thousand Quests {protect,
                  | Int+2}
  2441 | D:3      | Noticed an ogre
  2502 | D:3      | Noticed Natasha
  2503 | D:3      | Killed Natasha
  2504 | D:3      | Reached XP level 6. HP: 45/45 MP: 12/14
  2734 | D:3      | Found a transporter.
  2764 | D:3      | Noticed Ijyb
  2774 | D:3      | Killed Ijyb
  3443 | D:4      | Noticed Eustachio
  3449 | D:4      | Killed Eustachio
  3450 | D:4      | Reached skill level 6 in Earth Magic
  3634 | D:4      | Noticed Menkaure
  3636 | D:4      | Killed Menkaure
  3637 | D:4      | Reached XP level 7. HP: 50/50 MP: 9/16
  4026 | D:5      | Entered Level 5 of the Dungeon
  4158 | D:5      | Reached skill level 7 in Earth Magic
  4658 | D:5      | Noticed Prince Ribbit
  4666 | D:5      | Killed Prince Ribbit
  4823 | D:5      | Noticed Pikel
  4837 | D:5      | Killed Pikel
  4838 | D:5      | Reached skill level 5 in Spellcasting
  4838 | D:5      | Reached skill level 8 in Earth Magic
  4838 | D:5      | Reached XP level 8. HP: 48/57 MP: 5/19
  5040 | D:5      | Reached skill level 9 in Earth Magic
  5330 | D:5      | Found Edygi's Antique Weapon Shoppe.
  5465 | D:5      | Noticed Edmund
  5475 | D:5      | Killed Edmund
  6190 | D:6      | Reached XP level 9. HP: 62/62 MP: 18/22
  6597 | D:6      | Found an opulent altar of Gozag.
  6962 | D:6      | Found Gabbepne's General Store.
  7070 | D:7      | Reached skill level 10 in Earth Magic
  7100 | D:7      | Found a staircase to the Ecumenical Temple.
  8331 | D:8      | Learned a level 5 spell: Lee's Rapid Deconstruction
  8773 | D:8      | Reached skill level 1 in Fighting
  8773 | D:8      | Reached skill level 11 in Earth Magic
  8854 | D:8      | Found a staircase to the Lair.
  8855 | D:8      | Noticed a komodo dragon
  8876 | D:8      | Killed a komodo dragon
  9431 | D:8      | Reached XP level 10. HP: 60/73 MP: 6/25
  9845 | D:9      | Found a staircase to the Orcish Mines.
  9939 | D:10     | Entered Level 10 of the Dungeon
 10317 | D:10     | Noticed Sonja
 10781 | D:10     | Noticed Harold
 10799 | D:10     | Killed Sonja
 10963 | D:10     | Killed Harold
 10964 | D:10     | Reached skill level 5 in Fighting
 10964 | D:10     | Reached skill level 12 in Earth Magic
 11465 | D:10     | Noticed a rust devil
 11465 | D:10     | Noticed a rust devil
 11466 | D:10     | Noticed a rust devil
 11467 | D:10     | Found a corrupted altar of Lugonu.
 11480 | D:10     | Killed a rust devil
 11634 | D:10     | Got a fine marble ring
 11874 | D:10     | Reached XP level 11. HP: 91/91 MP: 26/27
 11945 | D:10     | Identified the ring of the Thieving Priest {Fire Int+6}
                  | (You found it on level 10 of the Dungeon)
 12497 | D:11     | Killed an unseen horror
 12833 | D:11     | Noticed a rakshasa
 12840 | D:11     | Killed from afar by a rakshasa (illusionary)

Illustrated notes

Levels and vault maps discovered:
D:1:      lordsloth_arrival_two_stooges, layout_basic
D:2:      layout_loops_ring, cheibriados_altar_1
D:3:      layout_loops_ring, gammafunk_ghost_smash, uniq_natasha, uniq_ijyb,
          uniq_sigmund
D:4:      layout_loops_ring, hex_medium, minmay_fractal_squares_diagonal_5,
          uniq_menkaure, uniq_eustachio
D:5:      layout_loops_ring, serial_shops,
          nicolae_shop_competitors_out_of_business, uniq_edmund, uniq_pikel,
          uniq_prince_ribbit1
D:6:      layout_loops_cross, serial_shops, nicolae_shop_statue_plus,
          nicolae_gozag_cash_rules_everything_around_me
D:7:      layout_cave_pools, minmay_temple_entry_sparse_star
D:8:      layout_loops_cross, david_lair_shrubbed, serial_bayou_pond_d,
          st_stairs_8
D:9:      layout_rooms
D:10:     layout_rooms, lemuel_hellish_altar, uniq_sonja, uniq_harold
D:11:     minmay_the_grid_four_pointed_star
          [minmay_the_grid_triangle_9x9_windchime,
          minmay_the_grid_triangle_9x9_wacky_v,
          minmay_the_grid_triangle_9x9_corruption,
          minmay_the_grid_triangle_9x9_limited_checkers,
          minmay_the_grid_prize_four_corners_diamond_a], layout_basic,
          gauntlet_entry_generic, serial_undead, serial_undead_d,
          serial_undead_c, serial_undead_c, serial_undead_d, minmay_circle_x

Skill      XL: |  1  2  3  4  5  6  7  8  9 10 11 |
---------------+----------------------------------+-----
Spellcasting   | 2 3 4 5 6 7 8 |  8.0
Earth Magic    | 3 4 5 6 8 9 11 12 | 12.0
Fighting       | 2 6 8 |  8.3
Dodging        | |  1.7
Stealth        | |  1.7
Transmutations | |  0.8

Action                   |  1- 3 |  4- 6 |  7- 9 | 10-12 || total
-------------------------+-------+-------+-------+-------++-------
Melee: Unarmed           |     1 |       |       |       ||     1
       Dagger            |       |     5 |    13 |       ||    18
       Flail             |       |       |     5 |     6 ||    11
Throw: Stone             |     2 |       |     1 |     1 ||     4
 Cast: Sandblast         |    51 |    34 |    16 |     1 ||   102
       Stone Arrow       |       |    19 |   199 |   175 ||   393
Evoke: Wand              |       |       |     7 |     4 ||    11
  Use: Scroll            |       |       |     9 |     2 ||    11
Armor: Robe              |     2 |     1 |       |       ||     3
       Leather armour    |       |       |    34 |    47 ||    81
Dodge: Dodged            |    10 |    11 |    66 |    40 ||   127
Block: Other             |       |       |    19 |    23 ||    42
       Reflection        |       |       |       |     2 ||     2

Table legend: (Time is in decaauts)
 A = Elapsed time spent in this place.
 B = Non-inter-level travel time spent in this place.
 C = Inter-level travel time spent in this place.
 D = Time resting spent in this place.
 E = Time spent auto-exploring this place.
 F = Levels seen in this place.
 G = Mean time per level.
                   A        B        C        D        E       F      G
               +--------+--------+--------+--------+--------+-----+--------+
         Total |  12854 |  12554 |    300 |   1589 |   9455 |  11 | 1168.5 |
       Dungeon |  12854 |  12554 |    300 |   1589 |   9455 |  11 | 1168.5 |
               +--------+--------+--------+--------+--------+-----+--------+

Top non-repeatable levels by time:
     D:5: 1949 daAuts
    D:10: 1831 daAuts
     D:8: 1440 daAuts
     D:6: 1212 daAuts
     D:3: 1207 daAuts
     D:9: 1101 daAuts
     D:4: 1078 daAuts
     D:1: 942 daAuts
     D:7: 911 daAuts
     D:2: 794 daAuts
    D:11: 384 daAuts
